 Dungeon Crawl Stone Soup version 0.22-a0-147-gfdd7f25 (webtiles) character file.

78997 4thArraOfDagon the Slicer (level 15, -8/73 HPs)
             Began as a Spriggan Air Elementalist on Feb 6, 2018.
             Was the Champion of Fedhas.
             Mangled by an orc knight
             ... wielding a +0 long sword of electrocution
              (18 damage)
             ... on level 1 of the Orcish Mines.
             The game lasted 01:20:49 (15063 turns).

4thArraOfDagon the Slicer (SpAE)                   Turns: 15063, Time: 01:20:50

Health: -8/73      AC:  7    Str:  8    XL:     15   Next: 19%
Magic:  25/28      EV: 35    Int: 24    God:    Fedhas [******]
Gold:   2027       SH:  8    Dex: 22    Spells: 20/30 levels left

rFire    + . .     SeeInvis +   G - +10 dagger "Xyxy" {freeze, +Inv Stlth+}
rCold    + . .     Gourm    .   W - +0 buckler "Axaez" {*Slow Str+4 Dex+6}
rNeg     . . .     Faith    +   l - +1 robe {rC+ rF+}
rPois    +         Spirit   .   (helmet restricted)
rElec    .         Reflect  .   t - +2 cloak {rPois}
rCorr    .         Harm     .   (gloves unavailable)
MR       +++..                  (boots unavailable)
Stlth    +++++++...             k - amulet of faith
HPRegen  1.22/turn              s - ring of protection from magic
MPRegen  0.21/turn              p - +5 ring of evasion

@: regenerating, drained, very quick
A: very small, unfitting armour, horns 1, see invisible, blink, herbivore, speed
3, shaggy fur 1, slow metabolism 2
a: Blink, Fungal Bloom, Evolution, Sunlight, Growth, Reproduction, Rain,
Renounce Religion, Evoke Invisibility


You were on level 1 of the Orcish Mines.
You worshipped Fedhas.
Fedhas was exalted by your worship.
You were very hungry.

You visited 5 branches of the dungeon, and saw 27 of its levels.
You also visited: Labyrinth and Volcano.

You collected 2027 gold pieces.

Inventory:

Hand Weapons
 u - the +7 lajatang of Hufregoosa {freeze, Dex+5}
   (You found it on level 2 of the Depths)

   It has been specially enchanted to freeze those struck by it, causing extra
   injury to most foes and up to half again as much damage against particularly
   susceptible opponents.
   It can also slow down cold-blooded creatures.
   It affects your dexterity (+5).
 D - a +0 blowgun
 G - the +10 dagger "Xyxy" (weapon) {freeze, +Inv Stlth+}
   (You found it on level 11 of the Dungeon)

   It has been specially enchanted to freeze those struck by it, causing extra
   injury to most foes and up to half again as much damage against particularly
   susceptible opponents.
   It can also slow down cold-blooded creatures.
   It lets you turn invisible.
   It makes you more stealthy.
Missiles
 r - 6 needles of sleeping
 F - a throwing net (quivered)
Armour
 l - a +1 robe of resistance (worn)
 t - a +2 cloak of poison resistance (worn)
 K - a scarf of resistance
 W - the +0 buckler "Axaez" (worn) {*Slow Str+4 Dex+6}
   (You found it in a labyrinth)

   It affects your strength (+4).
   It affects your dexterity (+6).
   It may slow you when you take damage.
Jewellery
 b - an uncursed ring of protection from fire
 f - an uncursed ring of positive energy
 k - an amulet of faith (around neck)
 m - an uncursed ring of ice
 p - a +5 ring of evasion (right hand)
 s - a ring of protection from magic (left hand)
 y - an uncursed ring of resist corrosion
 Q - an uncursed amulet of guardian spirit {unknown}
Wands
 d - a wand of digging (35)
 g - a wand of iceblast (18)
 o - a wand of scattershot (5)
 A - a wand of enslavement (27)
 B - a wand of flame (141)
 L - a wand of acid (14)
 O - a wand of clouds (8)
 S - a wand of paralysis (6)
 Y - a wand of polymorph (12)
Scrolls
 a - a scroll of magic mapping
 q - 6 scrolls of blinking
 w - 5 scrolls of teleportation
 x - a scroll of acquirement
 E - 13 scrolls of remove curse
 M - a scroll of brand weapon
 R - 2 scrolls of fog
 U - 5 scrolls of enchant weapon
Potions
 e - 8 potions of might
 h - a potion of lignification
 i - 2 potions of magic
 j - a potion of haste
 n - 2 potions of agility
 v - a potion of brilliance
 z - a potion of flight
 C - 2 potions of mutation
 H - 7 potions of curing
 I - 3 potions of resistance
 J - a potion of cancellation
 N - 2 potions of invisibility
 P - 4 potions of heal wounds
 T - 2 potions of berserk rage
 X - a potion of ambrosia
Books
 V - a book of Annihilations

   Spells                             Type                      Level
   a - Poison Arrow                   Conjuration/Poison           6
   b - Chain Lightning                Conjuration/Air              8
   c - Lehudib's Crystal Spear        Conjuration/Earth            8
   d - Glaciate                       Conjuration/Ice              9
   e - Fire Storm                     Conjuration/Fire             9
Miscellaneous
 Z - a lightning rod (4/4)
Comestibles
 c - 24 rations


   Skills:
 - Level 6.2(5.7) Fighting
 * Level 14.1(13.6) Short Blades
 + Level 12.3(11.8) Dodging
 * Level 14.1(13.5) Stealth
 + Level 4.9(4.4) Shields
 - Level 8.4(8.0) Spellcasting
 - Level 0.6(0.2) Conjurations
 - Level 10.2(9.7) Charms
 - Level 6.4(6.0) Necromancy
 - Level 3.2(2.8) Air Magic
 + Level 8.8(8.3) Invocations
 - Level 13.0(12.4) Evocations


You had 20 spell levels left.
You knew the following spells:

 Your Spells              Type           Power        Failure   Level  Hunger
a - Shock                 Conj/Air       ###.         4%          1    None
b - Airstrike             Air            ###.......   24%         4    ##.....
c - Regeneration          Chrm/Necr      #####.....   1%          3    None
d - Blink                 Tloc           N/A          12%         2    None


Dungeon Overview and Level Annotations

Branches:
Dungeon (15/15)            Temple (1/1) D:5            Lair (6/6) D:9
 Shoals (0/4) Lair:2        Snake (0/4) Lair:2        Slime (0/5) Lair:5
    Orc (2/2) D:10         Depths (3/5) D:15
    Elf: Orc:2       Vaults: D:13-14

Altars:
Fedhas
Gozag
Kikubaaqudgha
Makhleb
Okawaru
Ru
Trog
Uskayaw
Vehumet
Wu Jian
Xom
Yredelemnul
Beogh
Jiyva

Shops:
D:8 (

Portals:
Hell: Depths:1 Depths:2
Trove: Depths:2 (give lajatang of Brawl)

Annotations:
D:6 4thArraOfDagon's ghost, novice SpAE
D:12 Frances
Lair:6 Josephine; Rupert
Depths:1 Sojobo
Depths:2 exclusion: upstairs


Innate Abilities, Weirdness & Mutations

You are very small and have problems with some larger weapons.
You are too small for most types of armour.
You have supernaturally acute eyesight. (SInv)
You are a herbivore.
You cover ground extremely quickly.
You need consume almost no food.
You have a pair of small horns on your head.
You can translocate small distances at will.
You are covered in fur. (AC +1)


Message History

Your skin is crawling a little less now.
You feel yourself speed up.
Your skin stops crawling.
Casting: Regeneration (safe; 1% risk of failure)
Confirm with . or Enter, or press ? or * to list all spells.
Your skin crawls.
You barely miss the orc knight.
The orc knight is heavily wounded.
The orc knight hits you with a long sword of electrocution!!
You are electrocuted!
You hit the orc knight. You freeze the orc knight.
The orc knight is heavily wounded.
You are too injured to fight recklessly!
You hit the orc knight but do no damage.
The orc knight is heavily wounded.
The orc knight hits you with a long sword of electrocution!!
* * * LOW HITPOINT WARNING * * *
You are electrocuted!
You die...
Fedhas appreciates your contribution to the ecosystem.

...#.#......#.#........###
..#........#............### ##
.##..................#....###.##.
#.##................#............
...#...>.......................#.
#...#..........[)[......#........
##.#..........)..................
.#........#......o.........##..#
#...............@............##
...........>..................##
#....^............####.#.......#
##..................##......#.##
##.#......#..............#####
####.....................#
##.##..............#.##
######..#..........##
#........#.#.##


You could see an orc knight.

Vanquished Creatures
  Kirke (Lair:6)
  A stone giant (Depths:1)
  A minotaur (Lab)
  A dire elephant (D:15)
  4 hydras
  A centaur warrior (D:14)
  A catoblepas (Lair:5)
  10 two-headed ogres
  2 tengu warriors
  6 death yaks (Lair:2)
  A spriggan berserker (Depths:2)
  A wizard (Depths:1)
  An orc knight (Orc:1)
  A wolf spider zombie (D:15)
  An orc sorcerer (Orc:1)
  11 ugly things
  2 deep elf magi (D:13)
  A salamander (Volcano)
  A wolf spider (D:15)
  A manticore (D:15)
  A cyclops (D:14)
  25 elephants
  3 black mambas
  5 gargoyles (D:11)
  11 spiny frogs
  8 komodo dragons
  A rime drake (Lair:6)
  A yaktaur (Depths:1)
  2 tengu conjurers
  9 trolls
  9 hornets
  5 polar bears
  15 blink frogs
  5 hippogriffs
  9 slime creatures
  7 dream sheep (Lair:6)
  17 spriggans
  3 wyverns
  43 yaks
  3 shadows
  4 hogs (Lair:6)
  A water elemental (Depths:2)
  2 wraiths
  2 basilisks
  A hungry ghost (D:10)
  A fire bat (Volcano)
  3 vampire mosquitoes (D:13)
  A warg (Orc:1)
  3 acid dragons
  16 water moccasins
  3 hell hounds (Volcano)
  7 porcupines
  2 ice beasts
  A sky beast (D:14)
  2 eyes of draining
  8 orc warriors
  7 black bears
  2 phantoms
  A hornet zombie (D:15)
  3 boggarts (Lair:6)
  12 centaurs
  7 ogres
  18 wolves
  9 crocodiles
  8 bullfrogs
  2 big kobolds
  A wyvern zombie (D:14)
  A water moccasin zombie (D:12)
  A scorpion (D:8)
  A wight (D:6)
  3 electric eels
  7 crimson imps
  2 centaur zombies
  4 hounds
  2 jellies (D:10)
  2 bullfrog skeletons
  9 orc priests
  2 centaur skeletons
  A gnoll shaman (Orc:1)
  8 orc wizards
  3 iguanas
  Terence (D:2)
  6 worker ants
  A killer bee zombie (D:8)
  2 hound zombies
  A hound skeleton (D:4)
  3 gnolls (Orc:1)
  19 adders
  A howler monkey skeleton (D:11)
  A shadow imp (D:10)
  2 oozes
  An adder zombie (D:8)
  A worm (D:2)
  2 dart slugs (D:2)
  3 leopard geckos
  59 orcs
  2 giant cockroaches (D:3)
  8 goblins
  4 hobgoblins (D:1)
  8 jackals
  3 quokkas
  A ball python (Lair:2)
  7 bats
  4 frilled lizards
  12 kobolds
  A leopard gecko zombie (D:5)
  A quokka zombie (D:9)
  4 rats
562 creatures vanquished.

Vanquished Creatures (collateral kills)
  A yak (Lair:6)
1 creature vanquished.

Vanquished Creatures (others)
  A spriggan (Lair:6)
  A wight (D:6)
  A kobold (D:13)
  A wandering mushroom (Lair:6)
  11 bushes (Lair:2)
  16 fungi
  24 plants
  394 toadstools
449 creatures vanquished.

Grand Total: 1012 creatures vanquished

Notes
Turn   | Place    | Note
-------+----------+-------------------------------------------
     0 | D:1      | 4thArraOfDagon the Spriggan Air Elementalist began the quest for the Orb.
     0 | D:1      | Reached XP level 1. HP: 9/9 MP: 5/5
   179 | D:3      | Found a bloodstained altar of Trog.
   197 | D:3      | Reached XP level 2. HP: 12/13 MP: 2/6
   305 | D:3      | Reached skill level 1 in Short Blades
   581 | D:4      | Noticed an ogre
   626 | D:5      | Entered Level 5 of the Dungeon
   680 | D:5      | Noticed an ogre
   697 | D:5      | Found a staircase to the Ecumenical Temple.
   748 | D:5      | Noticed a bullfrog
   872 | Temple   | Entered the Ecumenical Temple
   930 | Temple   | Became a worshipper of Fedhas Madash
  1010 | D:5      | Reached XP level 3. HP: 8/16 MP: 1/8
  1057 | D:6      | Noticed a bullfrog
  1091 | D:4      | Noticed a scorpion
  1216 | D:5      | Killed an ogre
  1216 | D:5      | Reached XP level 4. HP: 19/21 MP: 2/9
  1242 | D:5      | Learned a level 4 spell: Airstrike
  1287 | D:6      | Reached XP level 5. HP: 24/24 MP: 7/10
  1303 | D:6      | Reached skill level 5 in Short Blades
  1311 | D:6      | Found a large runed door.
  1311 | D:6      | Found a large runed door.
  1354 | D:6      | Noticed a centaur
  1528 | D:6      | Noticed 4thArraOfDagon's ghost (novice SpAE)
  1622 | D:6      | Found a large runed door.
  1622 | D:6      | Found a large runed door.
  1655 | D:6      | Noticed a centaur
  2145 | D:1      | Reached XP level 6. HP: 26/28 MP: 11/11
  2808 | D:2      | Noticed Terence
  2844 | D:2      | Killed Terence
  2899 | D:2      | Reached * piety under Fedhas
  3496 | D:3      | Found a shimmering altar of Xom.
  3812 | D:4      | Reached skill level 1 in Fighting
  3812 | D:4      | Reached skill level 1 in Invocations
  3869 | D:4      | Reached ** piety under Fedhas
  4008 | D:6      | Reached XP level 7. HP: 20/33 MP: 4/12
  4238 | D:8      | Found a sacrificial altar of Ru.
  4333 | D:8      | Noticed a spriggan
  4348 | D:8      | Killed a spriggan
  4348 | D:8      | Reached skill level 5 in Stealth
  4481 | D:8      | Found Ifafig's Weapon Emporium.
  4486 | D:8      | BLOAX: nice laja
  4502 | D:8      | BLOAX: would be a shame if someone didn't have the gold to buy it
  4679 | D:8      | Reached skill level 5 in Dodging
  4679 | D:8      | Reached XP level 8. HP: 26/39 MP: 9/13
  4762 | D:8      | Noticed a two-headed ogre
  4816 | D:8      | Killed a two-headed ogre
  4894 | D:8      | Noticed a two-headed ogre
  4896 | D:8      | Killed a two-headed ogre
  4896 | D:8      | Reached XP level 9. HP: 43/43 MP: 15/15
  4969 | D:8      | Reached *** piety under Fedhas
  5197 | D:9      | Gained mutation: You evolve. [potion of mutation]
  5197 | D:9      | Gained mutation: You can translocate small distances at will. [potion of mutation]
  5200 | D:9      | Noticed a two-headed ogre
  5205 | D:9      | Killed a two-headed ogre
  5225 | D:9      | Learned a level 3 spell: Regeneration
  5246 | D:9      | Reached skill level 1 in Charms
  5246 | D:9      | Reached XP level 10. HP: 49/49 MP: 17/17
  5269 | D:10     | Entered Level 10 of the Dungeon
  5487 | D:10     | Noticed a two-headed ogre
  5526 | D:10     | Reached skill level 1 in Necromancy
  5540 | D:10     | Killed a two-headed ogre
  5603 | D:10     | Gained mutation: You are covered in fur. (AC +1) [evolution]
  5691 | D:12     | Noticed Frances
  5701 | D:11     | Noticed a gargoyle
  5703 | D:11     | Killed a gargoyle
  5717 | D:11     | Noticed a gargoyle
  5722 | D:11     | Killed a gargoyle
  5730 | D:11     | Noticed a gargoyle
  5752 | D:11     | Got a transparent dagger
  5753 | D:11     | Identified the +10 dagger "Xyxy" {freeze, +Inv Stlth+} (You found it on level 11 of the Dungeon)
  5754 | D:11     | :)
  5783 | D:11     | Reached skill level 10 in Short Blades
  5789 | D:11     | Reached skill level 5 in Invocations
  5834 | D:11     | Reached XP level 11. HP: 32/53 MP: 17/19
  5857 | D:11     | Reached skill level 5 in Charms
  5908 | D:10     | Reached **** piety under Fedhas
  5931 | D:10     | Found a roughly hewn altar of Beogh.
  5931 | D:10     | Found a staircase to the Orcish Mines.
  6034 | D:10     | Found a sacrificial altar of Ru.
  6047 | D:10     | Learned a level 2 spell: Blink
  6373 | D:9      | Found a staircase to the Lair.
  6378 | Lair:1   | Entered Level 1 of the Lair of Beasts
  6613 | Lair:1   | Reached skill level 10 in Evocations
  6667 | Lair:2   | Identified a scroll of acquirement
  6686 | Lair:2   | Reached ***** piety under Fedhas
  6707 | Lair:2   | Noticed a death yak
  6710 | Lair:2   | Noticed a death yak
  6722 | Lair:2   | Found a staircase to the Snake Pit.
  6739 | Lair:2   | Noticed a death yak
  6886 | Lair:2   | Found a dark tunnel.
  6896 | Volcano  | Entered a volcano
  6958 | Volcano  | Noticed a two-headed ogre
  6959 | Volcano  | Killed a two-headed ogre
  6965 | Volcano  | Noticed a two-headed ogre
  6968 | Volcano  | Killed a two-headed ogre
  7052 | Lair:2   | BLOAX: triple sword of flaming
  7061 | Lair:2   | BLOAX: tfw spriggan LuL
  7065 | Lair:2   | Found a labyrinth entrance.
  7074 | Lab      | Entered a labyrinth
  7201 | Lab      | 4thArraOfDagon: yea this is one of those ftw wtf games
  7220 | Lab      | 4thArraOfDagon: from which I have to stay isolated emotionally :)
  7267 | Lab      | Noticed a minotaur
  7273 | Lab      | Killed a minotaur
  7273 | Lab      | Reached skill level 5 in Spellcasting
  7288 | Lab      | BLOAX: it's practically a rule when you play characters with restricted slots
  7288 | Lab      | Got a polished buckler
  7289 | Lab      | Identified the cursed +0 buckler "Axaez" {*Slow Str+4 Dex+6} (You found it in a labyrinth)
  7290 | Lab      | BLOAX: that you're gonna find all sorts of goodies
  7295 | Lab      | BLOAX: Cheibuckler
  7527 | Lair:2   | Noticed a death yak
  7527 | Lair:2   | Noticed a death yak
  7531 | Lair:2   | Noticed a death yak
  7541 | Lair:2   | Killed a death yak
  7541 | Lair:2   | Reached XP level 12. HP: 58/59 MP: 18/20
  7555 | Lair:2   | Killed a death yak
  7561 | Lair:2   | Reached skill level 1 in Shields
  7566 | Lair:2   | Killed a death yak
  7566 | Lair:2   | Reached skill level 10 in Stealth
  7578 | Lair:2   | Killed a death yak
  7578 | Lair:2   | Reached skill level 5 in Necromancy
  7632 | Lair:2   | Killed a death yak
  7632 | Lair:2   | Reached skill level 5 in Fighting
  7662 | Lair:2   | Killed a death yak
  7712 | Lair:2   | Found a staircase to the Shoals.
  7787 | Lair:2   | 4thArraOfDagon: asphyxiating kraken is possible?
  7787 | Lair:2   | BLOAX: hm
  7787 | Lair:2   | 4thArraOfDagon: with draining all of the water with evoke sun
  7844 | Lair:3   | BLOAX: not sure, actually
  7885 | Lair:3   | BLOAX: there have been reports of the fearsome sand kraken
  7889 | Lair:3   | Got a fabulously ornate robe
  7900 | Lair:3   | Identified the +2 robe of Refuge {Str+2} (You found it on level 3 of the Lair of Beasts)
  7916 | Lair:3   | BLOAX: which is much more terrifying than the regular old sand shark
  7997 | Lair:5   | Found a staircase to the Slime Pits.
  7998 | Lair:5   | Found a viscous altar of Jiyva.
  8026 | Lair:6   | Entered Level 6 of the Lair of Beasts
  8239 | Lair:6   | Gained mutation: You have a pair of small horns on your head. [evolution]
  8277 | Lair:6   | BLOAX: still worth a try
  8288 | Lair:6   | Noticed Kirke
  8294 | Lair:6   | BLOAX: if just to find out if the sand kraken legends are true
  8302 | Lair:6   | Killed Kirke
  8339 | Lair:6   | Reached XP level 13. HP: 42/64 MP: 18/23
  8356 | Lair:6   | Reached ****** piety under Fedhas
  8379 | Lair:6   | BLOAX: those are some suspiciously dark-skinned greeks
  8549 | Lair:6   | Noticed Rupert
  8636 | Lair:6   | Reached skill level 10 in Dodging
  8645 | Lair:6   | Reached skill level 10 in Charms
  9542 | Lair:6   | Noticed Josephine
  9668 | Lair:6   | Turgon: That's incredible
  9705 | Lair:6   | BLOAX: the dagger?
  9721 | Lair:6   | Turgon: This weapon for a spriggan!
  9735 | Lair:6   | BLOAX: it's pretty dank
  9810 | Lair:6   | Turgon: It deserves a better name than "Xyxy"
  9816 | Lair:6   | Reached XP level 14. HP: 38/70 MP: 23/26
 10750 | Lair:3   | Lost mutation: You evolve. [evolution]
 11400 | D:11     | HP: 3/70 [two-headed ogre/giant spiked club (31)]
 12873 | D:15     | Entered Level 15 of the Dungeon
 13349 | D:15     | Found a staircase to the Depths.
 13413 | Depths:1 | Entered Level 1 of the Depths
 13413 | Depths:1 | Noticed a stone giant
 13416 | Depths:1 | Killed a stone giant
 13416 | Depths:1 | Reached XP level 15. HP: 65/73 MP: 26/28
 13445 | Depths:1 | Found a gateway to Hell.
 13614 | Depths:1 | BLOAX: yummy lcs straight to the face
 13760 | Depths:2 | Got a scorched lajatang
 14135 | Depths:2 | Found a portal to a secret trove of treasure.
 14137 | Depths:2 | 4thArraOfDagon: lol
 14137 | Depths:2 | 4thArraOfDagon: it wants lajatang of browl
 14137 | Depths:2 | 4thArraOfDagon: brawl
 14137 | Depths:2 | BLOAX: what's this Brawl thing
 14137 | Depths:2 | BLOAX: brogue crawl???
 14137 | Depths:2 | 4thArraOfDagon: idk
 14137 | Depths:2 | BLOAX: lol
 14137 | Depths:2 | 4thArraOfDagon: it is this
 14158 | Depths:1 | Noticed a frost giant
 14182 | Depths:2 | BLOAX: feed me an item that's worth as much as a trove is usually worth
 14194 | Depths:2 | BLOAX: Seems Legit
 14246 | Depths:1 | BLOAX: time for some rewarding trove_river action
 14248 | Depths:1 | Noticed a tengu reaver
 14252 | Depths:1 | Noticed a tengu reaver
 14259 | Depths:1 | Identified the +7 lajatang of Hufregoosa {freeze, Dex+5} (You found it on level 2 of the Depths)
 14260 | Depths:1 | Noticed Sojobo
 14671 | Orc:1    | Entered Level 1 of the Orcish Mines
 14930 | Orc:2    | Entered Level 2 of the Orcish Mines
 15063 | Orc:1    | Mangled by an orc knight

Vault maps used:
D:1:      dpeg_arrival_arbitrary_a, minmay_circled_x
D:2:      uniq_terence
D:3:      lemuel_coloured_pillars_altar, bloody_trog, grunt_decor_arrowhead,
          kennysheep_generic_room_10
D:4:      zin_scriptorium, first_ration
D:5:      minmay_temple_entry_mist, st_stairs_1, hangedman_abyss_or_decor_passed
D:6:      grunt_decor_fettered, roderic_lattice_a, serial_bayou_ford_a,
          minmay_hollow_rounded_squares
D:7:      serial_shops, shop
D:8:      lemuel_crystal_altar, serial_shops, nicolae_shop_waterfront,
          grunt_pizzeria, minmay_misc_feat_tower, minmay_joined_circles
D:9:      erik_lair_dragon
D:10:     david_orc_5, minmay_misc_feat_ornament, hangedman_ru_absence
D:11:     cheibrodos_statue_roulette, uniq_harold
D:12:     serial_shops, shop, uniq_frances
D:13:     grunt_vaults_entry_fortified, kennysheep_flooded_box
D:15:     hangedman_depths_entry_try_elsewhere_first, grunt_ministairs_15
Temple:   dpeg_five_rooms_temple
Lair:2:   shoals_dummy_entry, minmay_snake_entry_six_corridors,
          lab_entry_generic, enter_volcano_1, serial_forest,
          infiniplex_forest_clump_double, infiniplex_forest_side_room,
          infiniplex_forest_lined_2, infiniplex_forest_clump_medium,
          infiniplex_forest_end_2, infiniplex_forest_clump_cross,
          wad_woods_road_03, beast_lair_carwin_3
Lair:4:   minmay_stone_trees_small, forest_entry_grove
Lair:5:   slime_altar_1, grunt_megastairs_2
Lair:6:   minmay_lair_end_enchanted_forest, st_stairs_9, serial_bayou_lake_a,
          grunt_megastairs_4, uniq_josephine, uniq_kirke, uniq_rupert
Orc:2:    pf_orc_diabolical, uniq_azrael
Depths:1: nrook_mini_vaults, hell_entry, kennysheep_treasure_room,
          minmay_shop_star, uniq_sojobo, uniq_saint_roka
Depths:2: minmay_rotating_shell, pf_hell_entry_great_geh, enter_trove_6,
          nicolae_lava_and_water, infiniplex_staircase_zigzag_4
Depths:3: minmay_guarded_unrand_sceptre_of_torment, serial_glass,
          glass_columns_b, glass_columns_a, item_on_display_a,
          rand_demon_pan_entry_7, hell_entry, chequers_big_river,
          minmay_tree_intersection, minivault_15, uniq_bai_suzhen, uniq_aizul
Lab:      labyrinth_spiral, labyrinth_skeletal_remains, labyrinth_glass_1,
          nicolae_lab_quarters
Volcano:  volcano_village

Skill      XL: |  1  2  3  4  5  6  7  8  9 10 11 12 13 14 15 |
---------------+----------------------------------------------+-----
Air Magic      | 3 |  3.2
Short Blades   | 2 4 5 6 7 8 9 10 11 12 13 14 | 14.1
Fighting       | 1 2 3 4 5 6 |  6.2
Invocations    | 1 2 3 4 5 6 7 8 |  8.8
Stealth        | 4 5 6 8 9 10 11 13 14 | 14.1
Dodging        | 4 5 6 7 8 9 10 12 | 12.3
Evocations     | 7 8 9 10 11 12 13 | 13.0
Charms         | 1 4 7 9 10 | 10.2
Spellcasting   | 4 5 6 7 8 |  8.4
Necromancy     | 3 4 5 6 |  6.4
Shields        | 2 3 4 |  4.9
Conjurations   | |  0.6

Action                   |  1- 3 |  4- 6 |  7- 9 | 10-12 | 13-15 || total
-------------------------+-------+-------+-------+-------+-------++-------
Melee: Unarmed           |     2 |       |       |       |       ||     2
       Dagger            |    31 |    76 |    12 |   667 |  1603 ||  2389
       Falchion          |       |    85 |    25 |       |       ||   110
       Short sword       |       |    21 |     2 |       |       ||    23
       Scimitar          |       |       |    47 |     2 |       ||    49
       Headbutt          |       |       |       |    24 |   409 ||   433
Throw: Throwing net      |       |       |       |       |     1 ||     1
 Cast: Shock             |    44 |    82 |    54 |    24 |    15 ||   219
       Regeneration      |       |       |       |    30 |    69 ||    99
Invok: Fungal Bloom      |       |    16 |    13 |    29 |    31 ||    89
       Evolution         |       |       |       |     1 |       ||     1
 Abil: Evoke Invisibilit |       |       |       |     3 |     3 ||     6
Evoke: Wand              |       |       |    11 |    15 |     6 ||    32
  Use: Scroll            |       |    14 |     2 |    16 |    13 ||    45
       Potion            |       |     2 |     3 |     2 |     1 ||     8
 Stab: Sleeping          |     2 |     8 |     4 |    36 |    47 ||    97
       Paralysed         |       |       |     6 |     2 |       ||     8
       Distracted        |       |       |     1 |     1 |     6 ||     8
       Invisible         |       |       |       |    20 |    15 ||    35
       Confused          |       |       |       |     4 |     1 ||     5
       Petrified         |       |       |       |       |     1 ||     1
  Eat: Ration            |       |       |     1 |     4 |     7 ||    12
Armor: Robe              |     3 |    23 |     8 |     2 |    21 ||    57
       Troll leather arm |       |       |       |    24 |    47 ||    71
Dodge: Dodged            |    43 |   223 |   135 |   382 |   946 ||  1729
Block: Buckler           |       |       |       |    78 |   351 ||   429
       Rpst.: Falchion   |       |    36 |     9 |       |       ||    45
       Scimitar          |       |       |    10 |       |       ||    10

Table legend:
 A = Spawn XP
 B = Non-spawn XP
 C = Spawn XP percentage of total XP
 D = Spawn monster count
 E = Non-spawn monster count
 F = Spawn count percentage of total count
 G = Total turns spent on level
                    A         B        C        D         E        F      G
               +---------+---------+-------+---------+---------+-------+---------
         Total |       0 |  112854 |   0.0 |       0 |     563 |   0.0 | 15063
               +---------+---------+-------+---------+---------+-------+---------
           D:1 |       0 |      33 |   0.0 |       0 |      17 |   0.0 |   836
           D:2 |       0 |      88 |   0.0 |       0 |      16 |   0.0 |   707
           D:3 |       0 |     114 |   0.0 |       0 |      21 |   0.0 |   919
           D:4 |       0 |     102 |   0.0 |       0 |      12 |   0.0 |   343
           D:5 |       0 |     181 |   0.0 |       0 |       7 |   0.0 |   736
           D:6 |       0 |     314 |   0.0 |       0 |       7 |   0.0 |   484
           D:7 |       0 |     134 |   0.0 |       0 |       4 |   0.0 |   161
           D:8 |       0 |    3141 |   0.0 |       0 |      26 |   0.0 |   879
           D:9 |       0 |    3431 |   0.0 |       0 |      18 |   0.0 |   731
          D:10 |       0 |    3101 |   0.0 |       0 |      39 |   0.0 |   573
          D:11 |       0 |    7956 |   0.0 |       0 |      54 |   0.0 |   592
          D:12 |       0 |    1404 |   0.0 |       0 |      10 |   0.0 |   269
          D:13 |       0 |    6467 |   0.0 |       0 |      26 |   0.0 |   650
          D:14 |       0 |    5837 |   0.0 |       0 |      34 |   0.0 |   606
          D:15 |       0 |    7946 |   0.0 |       0 |      15 |   0.0 |   591
        Lair:1 |       0 |    2219 |   0.0 |       0 |       9 |   0.0 |   320
        Lair:2 |       0 |   10403 |   0.0 |       0 |      41 |   0.0 |   767
        Lair:3 |       0 |    7272 |   0.0 |       0 |      25 |   0.0 |   724
        Lair:4 |       0 |    4128 |   0.0 |       0 |      11 |   0.0 |   364
        Lair:5 |       0 |    4699 |   0.0 |       0 |      19 |   0.0 |   529
        Lair:6 |       0 |   31548 |   0.0 |       0 |     107 |   0.0 |  1549
         Orc:1 |       0 |    1786 |   0.0 |       0 |      16 |   0.0 |   341
         Orc:2 |       0 |     564 |   0.0 |       0 |       9 |   0.0 |    51
      Depths:1 |       0 |    2554 |   0.0 |       0 |       3 |   0.0 |   227
      Depths:2 |       0 |    3094 |   0.0 |       0 |       5 |   0.0 |   536
      Depths:3 |       0 |    1175 |   0.0 |       0 |       2 |   0.0 |    94
           Lab |       0 |    1361 |   0.0 |       0 |       1 |   0.0 |   224
       Volcano |       0 |    1802 |   0.0 |       0 |       9 |   0.0 |   152
               +---------+---------+-------+---------+---------+-------+---------
